 Dungeon Crawl Stone Soup version 0.22-a0-480-g991dd4b (webtiles) character file.

135 George the Slasher (level 4, -5/39 HPs)
             Began as a Minotaur Fighter on June 16, 2018.
             Slain by a gnoll
             ... wielding a +0 halberd
              (12 damage)
             ... on level 2 of the Dungeon.
             The game lasted 00:01:43 (1770 turns).

George the Slasher (Minotaur Fighter)               Turns: 1770, Time: 00:01:44

Health: -5/39      AC:  6    Str: 21    XL:     4   Next: 97%
Magic:  12/12      EV:  7    Int:  5    God:
Gold:   139        SH:  9    Dex: 10    Spells: 3/3 levels left

rFire    . . .     SeeInvis .   a - +0 long sword
rCold    . . .     Gourm    .   c - +0 shield
rNeg     . . .     Faith    .   b - +0 scale mail
rPois    .         Spirit   .   (helmet restricted)
rElec    .         Reflect  .   (no cloak)
rCorr    .         Harm     .   (no gloves)
MR       .....                  (no boots)
Stlth    ..........             (no amulet)
HPRegen  0.13/turn              n - ring of magical power
MPRegen  0.13/turn              (no ring)

@: no status effects
A: retaliatory headbutt, horns 2
a: no special abilities


You were on level 2 of the Dungeon.
You were not hungry.

You visited 1 branch of the dungeon, and saw 2 of its levels.

You collected 139 gold pieces.

Inventory:

Hand Weapons
 a - a +0 long sword (weapon)
Armour
 b - a +0 scale mail (worn)
 c - a +0 shield (worn)
Jewellery
 n - a ring of magical power (left hand)
Scrolls
 e - a scroll of magic mapping {unknown}
 g - 2 scrolls of teleportation {unknown}
 h - 2 scrolls of enchant armour {unknown}
 i - 2 scrolls of enchant weapon {unknown}
 m - a scroll of identify {unknown}
 o - a scroll of remove curse {unknown}
Potions
 d - 2 potions of might
 j - a potion of degeneration {unknown}
 k - a potion of ambrosia {unknown}
 l - 2 potions of magic {unknown}
Comestibles
 f - 2 rations


   Skills:
 - Level 3.6 Fighting
 + Level 6.3 Long Blades
 - Level 3.6 Armour
 - Level 3.6 Shields


You had 3 spell levels left.
You didn't know any spells.
Your spell library was empty.

Dungeon Overview and Level Annotations

Branches:
Dungeon (2/15)

Altars:
Trog
Zin


Innate Abilities, Weirdness & Mutations

You reflexively headbutt those who attack you in melee.
You have a pair of horns on your head.


Message History

You are too injured to fight recklessly!
You are too injured to fight recklessly!
You are too injured to fight recklessly!
You are too injured to fight recklessly!
You are too injured to fight recklessly!
You hit the gnoll but do no damage. You block the gnoll's attack.
You closely miss the gnoll. Your headbutt misses the gnoll.
The gnoll barely misses you.
You closely miss the gnoll. Your headbutt misses the gnoll.
The gnoll closely misses you. You furiously retaliate!
You headbutt the gnoll.
You riposte.
You closely miss the gnoll.
The gnoll is moderately wounded.
You closely miss the gnoll. Your headbutt misses the gnoll.
The gnoll is moderately wounded.
The gnoll hits you with a halberd!
* * * LOW HITPOINT WARNING * * *
You barely miss the gnoll. You headbutt the gnoll.
The gnoll is moderately wounded.
The gnoll hits you with a halberd!
You die...

# #..'. # ##### #
####################
##########
###...................
........)#
#.....................
.....#####
###.#################.
.....# #..).# #.
.....# ####.# #.
.....# #@.# ######.
....## +..g..# #...##.
.....# #.##### #...##.
.....# # #......
.....# #...##.
##########
.<.######......
.........##
.............#.
..........#
..######.....#.
############ #.....#.


You could see a gnoll.

Vanquished Creatures
  8 gnolls
  An adder (D:2)
  2 oozes
  2 dart slugs
  4 giant cockroaches
  5 goblins (D:1)
  3 hobgoblins
  2 quokkas (D:2)
  6 bats
  A frilled lizard (D:1)
  4 kobolds
  5 rats
43 creatures vanquished.

Notes
Turn   | Place    | Note
-------+----------+-------------------------------------------
     0 | D:1      | George the Minotaur Fighter began the quest for the Orb.
     0 | D:1      | Reached XP level 1. HP: 19/19 MP: 0/0
    68 | D:1      | Reached skill level 3 in Long Blades
   171 | D:1      | Reached XP level 2. HP: 21/26 MP: 1/1
   195 | D:1      | Reached skill level 4 in Long Blades
   267 | D:1      | Reached XP level 3. HP: 29/31 MP: 2/2
   926 | D:2      | Found a glowing silver altar of Zin.
   926 | D:2      | Found a bloodstained altar of Trog.
  1067 | D:2      | Reached skill level 5 in Long Blades
  1203 | D:2      | Reached XP level 4. HP: 36/39 MP: 3/3
  1754 | D:2      | Reached skill level 6 in Long Blades
  1770 | D:2      | Slain by a gnoll

Vault maps used:
D:1:      ncdulo_wetmaze
D:2:      grunt_temple_overflow_diamond, gammafunk_temple_overflow_wave

Skill      XL: |  1  2  3  4 |
---------------+-------------+-----
Long Blades    | 3 4 5 6 |  6.3
Fighting       | |  3.6
Armour         | |  3.6
Shields        | |  3.6

Action                   |  1- 3 |  4- 6 || total
-------------------------+-------+-------++-------
Melee: Long sword        |    63 |    37 ||   100
       Headbutt          |     7 |     5 ||    12
  Eat: Chunk             |     1 |     2 ||     3
Armor: Scale mail        |    18 |     8 ||    26
Dodge: Dodged            |    25 |    10 ||    35
Block: Shield            |    28 |    19 ||    47
       Rpst.: Long sword |     7 |     2 ||     9

Table legend:
 A = Spawn XP
 B = Non-spawn XP
 C = Spawn XP percentage of total XP
 D = Spawn monster count
 E = Non-spawn monster count
 F = Spawn count percentage of total count
 G = Total turns spent on level
                    A         B        C        D         E        F      G
               +---------+---------+-------+---------+---------+-------+---------
         Total |       0 |     194 |   0.0 |       0 |      43 |   0.0 |  1770
               +---------+---------+-------+---------+---------+-------+---------
           D:1 |       0 |      57 |   0.0 |       0 |      24 |   0.0 |   826
           D:2 |       0 |     137 |   0.0 |       0 |      19 |   0.0 |   944
               +---------+---------+-------+---------+---------+-------+---------
